 Dungeon Crawl Stone Soup version 0.22-a0-469-gf26638a (webtiles) character file.

101 Darkshadow the Cudgeler (level 4, -6/41 HPs)
             Began as a Minotaur Berserker on June 13, 2018.
             Was a Believer of Trog.
             Mangled by a river rat (10 damage)
             ... on level 3 of the Dungeon.
             The game lasted 00:06:45 (1579 turns).

Darkshadow the Cudgeler (Minotaur Berserker)        Turns: 1579, Time: 00:06:46

Health: -6/41      AC:  2    Str: 22    XL:     4   Next: 48%
Magic:  3/3        EV: 12    Int:  4    God:    Trog [**....]
Gold:   55         SH:  0    Dex: 10    Spells: 3/3 levels left

rFire    . . .     SeeInvis .   a - +0 mace
rCold    . . .     Gourm    .   (no shield)
rNeg     . . .     Faith    .   b - +0 animal skin
rPois    .         Spirit   .   (helmet restricted)
rElec    .         Reflect  .   (no cloak)
rCorr    .         Harm     .   (no gloves)
MR       .....                  (no boots)
Stlth    +.........             (no amulet)
HPRegen  0.13/turn              (no ring)
MPRegen  0.08/turn              (no ring)

@: no status effects
A: retaliatory headbutt, horns 2
a: Berserk, Trog's Hand, Renounce Religion


You were on level 3 of the Dungeon.
You worshipped Trog.
Trog was pleased with you.
You were hungry.

You visited 1 branch of the dungeon, and saw 3 of its levels.

You collected 55 gold pieces.

Inventory:

Hand Weapons
 a - a +0 mace (weapon)
 o - a +4 hunting sling
Missiles
 i - 10 stones (quivered)
Armour
 b - a +0 animal skin (worn)
 q - a +0 ring mail
 s - a +0 large shield
Jewellery
 d - an uncursed ring of wizardry {unknown}
Scrolls
 e - 3 scrolls of remove curse {unknown}
 f - 3 scrolls of fog {unknown}
 h - 2 scrolls of identify {unknown}
 l - 2 scrolls of teleportation {unknown}
 p - 2 scrolls of blinking {unknown}
 t - a scroll of noise {unknown}
Potions
 g - 2 potions of lignification {unknown}
 j - 2 potions of ambrosia {unknown}
 k - 3 potions of resistance {unknown}
 m - 2 potions of cancellation {unknown}
 n - 2 potions of heal wounds {unknown}
 r - a potion of degeneration {unknown}
 u - a potion of brilliance {unknown}
Comestibles
 c - 3 rations


   Skills:
 + Level 4.6 Fighting
 * Level 5.4 Maces & Flails
 - Level 2.7 Armour
 - Level 2.4 Dodging


You had 3 spell levels left.
You didn't know any spells.
Your spell library was empty.

Dungeon Overview and Level Annotations

Branches:
Dungeon (3/15)

Altars:


Innate Abilities, Weirdness & Mutations

You reflexively headbutt those who attack you in melee.
You have a pair of horns on your head.


Message History

The ball python constricts you.
You hit the ball python.
The ball python is severely wounded.
The river rat bites you!
The ball python bites you but does no damage.
The ball python constricts you.
You sock the ball python!
You kill the ball python!
Trog accepts your kill. The river rat barely misses you.
The river rat bites you.
You hit the river rat but do no damage. The river rat misses you.
The river rat bites you! x2
* * * LOW HITPOINT WARNING * * *
The river rat barely misses you.
You barely miss the river rat. Your headbutt misses the river rat.
The river rat barely misses you. You furiously retaliate!
You headbutt the river rat. The river rat bites you!
* * * LOW HITPOINT WARNING * * *
The river rat bites you!
You die...

##'#'## ##.#.#
##.#..<........# #.....#
#....####.#..#######.##
#.....#
#..................#. .
#.....#
##.########...#####.####
#.....#
#.......................
#.....#
###########.....#...####
#.....+
.............#.#...#
#.....#
#.r.............#
#.....#
##.r@......#.#...#
#..r.......#.#...#
≈≈≈..........>#.#...#
≈≈≈.#.......#[#.##..####
≈≈≈ ###.....#.#.....#...
≈≈ #####.#.#.#..##.## .
#.#.#.#..##.#
#.#.#.#..##.#
###'#.#†#..##.#


You could see 3 river rats.

Vanquished Creatures
  A worker ant (D:3)
  2 adders
  A worm (D:2)
  A dart slug (D:1)
  3 leopard geckos
  An orc (D:3)
  4 bats
  A giant cockroach (D:1)
  10 goblins
  7 hobgoblins
  2 jackals (D:3)
  5 kobolds
  2 ball pythons
  8 rats
48 creatures vanquished.

Notes
Turn   | Place    | Note
-------+----------+-------------------------------------------
     0 | D:1      | Darkshadow the Minotaur Berserker began the quest for the Orb.
     0 | D:1      | Reached XP level 1. HP: 19/19 MP: 0/0
    39 | D:1      | Reached XP level 2. HP: 27/27 MP: 1/1
   208 | D:1      | Reached skill level 4 in Maces & Flails
   631 | D:1      | Reached XP level 3. HP: 33/33 MP: 2/2
   673 | D:1      | Reached ** piety under Trog
   983 | D:2      | You fall through a shaft!
  1087 | D:3      | Reached skill level 5 in Maces & Flails
  1087 | D:3      | Reached XP level 4. HP: 39/41 MP: 3/3
  1579 | D:3      | Mangled by a river rat

Vault maps used:
D:1:      lightli_arrival_statue_moat, minmay_box_of_dots
D:2:      old_standard_altar
D:3:      portal_sewer_entry_b

Skill      XL: |  1  2  3 |
---------------+----------+-----
Maces & Flails | 4 5 |  5.4
Fighting       | 4 |  4.6
Armour         | |  2.7
Dodging        | |  2.4

Action                   |  1- 3 |  4- 6 || total
-------------------------+-------+-------++-------
Melee: Mace              |    60 |    20 ||    80
       Headbutt          |     6 |     1 ||     7
Throw: Stone             |    24 |       ||    24
Invok: Berserk           |     1 |       ||     1
  Eat: Chunk             |       |     2 ||     2
Armor: Animal skin       |     4 |     3 ||     7
Dodge: Dodged            |    38 |    22 ||    60

Table legend:
 A = Spawn XP
 B = Non-spawn XP
 C = Spawn XP percentage of total XP
 D = Spawn monster count
 E = Non-spawn monster count
 F = Spawn count percentage of total count
 G = Total turns spent on level
                    A         B        C        D         E        F      G
               +---------+---------+-------+---------+---------+-------+---------
         Total |       0 |     145 |   0.0 |       0 |      48 |   0.0 |  1579
               +---------+---------+-------+---------+---------+-------+---------
           D:1 |       0 |      48 |   0.0 |       0 |      28 |   0.0 |   911
           D:2 |       0 |      21 |   0.0 |       0 |       3 |   0.0 |    70
           D:3 |       0 |      76 |   0.0 |       0 |      17 |   0.0 |   598
               +---------+---------+-------+---------+---------+-------+---------
